AoeStats
← NORTHLANDER

Arena

504354590Analyzed
1v1 RM · 26d ago on Sep 5, 2026· 43m 50s· 2 players
Game mode
Random Map
Map size
Tiny (2 player)
Population
200
Speed
Normal
Resources
Standard
Victory
Conquest
Starting age
Dark Age
Ending age
Imperial Age
RankedLock teamsTeams togetherTeam positionsShared explorationLock speedFull tech treeHidden civsTurbo modeCheats
Victory
Defeat
🇸🇪 Slavs · Sweden
862
+43
🇨🇴 Mongols · Colombia
863
-16
NORTHLANDER
9:38 Loom
12:02 Feudal Age
12:48 Horse Collar
12:58 Double-Bit Axe
18:22 Castle Age
22:12 Heavy Plow
25:30 Scale Barding Armor
25:36 Forging
27:12 Chain Barding Armor
27:08 Bloodlines
26:59 Husbandry
31:09 Imperial Age
28:44 Detinets
32:53 Plate Barding Armor
33:24 Iron Casting
34:17 Fletching
34:15 Elite Boyar
37:48 Blast Furnace
CARLOS5DN
6:09 Loom
11:00 Feudal Age
16:56 Castle Age
15:11 Double-Bit Axe
16:55 Stone Mining
25:11 Fletching
25:22 Padded Archer Armor
27:35 Town Watch
28:08 Bow Saw
33:50 Gold Mining
33:51 Horse Collar
37:36 Imperial Age
38:00 Imperial Age
36:08 Gold Shaft Mining
36:14 Wheelbarrow
36:02 Husbandry
37:08 Bloodlines
37:12 Forging
37:08 Scale Barding Armor
39:17 Iron Casting
38:13 Elite Steppe Lancer
39:48 Chain Barding Armor
42:14 Blast Furnace
42:29 Bodkin Arrow
42:35 Padded Archer Armor
42:43 Heavy Camel Rider
Connection lost

Rejoining the realm…

Still unreachable

The connection could not be restored.

Session expired

The server has moved on; the page needs a fresh start.